Panthers vs Avalanche (R1)

Created - October 21, 2019 at 19:23

Goals
1 2 3 T
Panthers 0 0 1 1
Avalanche 2 2 3 7
Shots
1 2 3 T
Panthers 11 6 12 29
Avalanche 10 9 15 34

1st period

1. Avalanche , Patric Hornqvist 1 (Erik Karlsson 1) at 1:58
2. Avalanche , Matt Moulson 1 (Darren Reid 1, Dmitry Kulikov 1) at 19:30

Penalties :
No Penalty

2nd period

3. Avalanche , Paul Stastny 1 (Andrei Kostitsyn 1, Dmitry Kulikov 2) at 7:46
4. Avalanche , Damien Brunner 1 (Jack Johnson 1) at 8:57

Penalties :
Jonathan Sigalet (Flo) for Holding (Minor) at 0:03, Danny Richmond (Col) for Holding Stick (Minor) at 4:18, Jonathan Sigalet (Flo) for Hooking (Minor) at 18:40

3rd period

5. Avalanche , Patric Hornqvist 2 (Mikkel Boedker 1, Bryan Little 1) at 0:23 (PP)
6. Panthers , Matt Duchene 1 (Drew Stafford 1) at 5:21 (PP)
7. Avalanche , Darren Reid 1 (Kyle Turris 1, Dmitry Kulikov 3) at 11:15 (SH)
8. Avalanche , Alexander Radulov 1 (Jack Johnson 2, Andrei Kostitsyn 2) at 13:11

Penalties :
Patric Hornqvist (Col) for Cross-checking (Minor) at 0:47, Andrew Ladd (Col) for Roughing (Minor) at 5:17, Danny Richmond (Col) for Boarding (Minor) at 9:27, Ryan Strome (Flo) for Slashing (Minor) at 16:30

Goalie Stats

Petr Mrazek (Flo), 11 saves from 15 shots - (0.733), L, 0-1-0, 28:57 minutes
Braden Holtby (Flo), 16 saves from 19 shots - (0.842), 31:03 minutes
Semyon Varlamov (Col), 28 saves from 29 shots - (0.966), W, 1-0-0, 60:00 minutes

Players Stats for Panthers

Player Name              G  A  P  +/- PIM S  H  SB GA TA FO     MP     PP MP  PK MP  
------------------------------------------------------------------------------------
Alex Galchenyuk          0  0  0  -1  0   4  4  0  0  0  2/3    20:24   3:33   0:19 
Brandon Gormley          0  0  0  -4  0   0  2  1  0  0  0/0    22:35   2:59   3:54 
Daniel Paille            0  0  0  -1  0   3  1  0  0  0  0/1     8:14   0:00   0:00 
Dany Heatley             0  0  0  -1  0   0  0  2  0  0  0/0    10:57   0:00   0:19 
Drew Stafford            0  1  1  -1  0   1  2  2  0  0  1/2    23:40   3:33   3:56 
Erik Gudbranson          0  0  0  -1  0   1  1  1  0  1  0/0    27:34   3:02   4:39 
Jean-Gabriel Pageau      0  0  0  -3  0   1  2  1  0  1  7/11   17:09   2:28   1:26 
Jonathan Matsumoto       0  0  0  -1  0   2  2  0  0  0  2/4     8:14   0:00   0:00 
Jonathan Sigalet         0  0  0  -1  4   0  4  1  0  2  0/0    26:05   3:02   1:22 
Kyle Clifford            0  0  0  -3  0   3  0  0  0  1  0/0    17:09   2:28   1:26 
Mark Pysyk               0  0  0  -1  0   1  3  1  0  0  0/0    13:45   0:00   1:02 
Matt Duchene             1  0  1  -1  0   4  0  0  1  1  17/28  19:44   3:33   0:00 
Matt Irwin               0  0  0  -2  0   0  1  1  0  0  0/0    13:55   2:59   0:00 
Max Reinhart             0  0  0  -1  0   0  0  1  0  1  3/13   14:13   0:00   3:56 
Patrick Eaves            0  0  0  -1  0   4  1  0  0  0  0/0     8:14   0:00   0:00 
Ryan Strome              0  0  0  -3  2   1  2  0  0  0  0/2    15:42   2:28   0:00 
Steve Montador           0  0  0  -3  0   2  0  1  0  0  0/0    16:25   0:00   0:25 
Steve Quailer            0  0  0  -1  0   2  1  1  1  1  0/0    10:17   0:00   0:00 

Players Stats for Avalanche

Player Name              G  A  P  +/- PIM S  H  SB GA TA FO     MP     PP MP  PK MP  
------------------------------------------------------------------------------------
Alexander Radulov        1  0  1   2  0   2  2  0  0  0  0/1    15:42   2:14   0:00 
Andrei Kostitsyn         0  2  2   2  0   4  1  0  0  0  0/3    16:23   2:14   0:51 
Andrew Ladd              0  0  0   1  2   1  0  1  2  0  1/1    13:11   0:00   3:20 
Bryan Little             0  1  1   1  0   3  1  0  2  0  16/32  21:37   3:27   0:00 
Charlie Coyle            0  0  0   1  0   0  2  1  0  0  3/6    13:28   0:00   3:33 
Damien Brunner           1  0  1   1  0   3  1  0  0  0  0/0    10:48   0:00   1:06 
Danny Richmond           0  0  0   1  4   1  0  1  1  0  0/0    20:10   2:16   0:52 
Darren Reid              1  1  2   2  0   2  2  0  0  0  1/1     8:24   0:00   1:24 
Dmitry Kulikov           0  3  3   3  0   1  4  1  0  1  0/0    27:28   0:00   3:23 
Erik Karlsson            0  1  1   3  0   4  2  0  0  0  0/0    21:52   3:25   0:15 
Jack Johnson             0  2  2   3  0   3  3  1  2  0  0/0    25:10   3:25   2:38 
Kyle Turris              0  1  1   2  0   0  1  0  0  0  1/4     8:56   0:00   1:48 
Marc Staal               0  0  0   2  0   0  4  2  0  0  0/0    20:44   2:16   3:23 
Matt Moulson             1  0  1   1  0   1  1  0  0  0  0/0     6:58   0:00   0:00 
Mattias Ekholm           0  0  0   0  0   0  2  0  0  0  0/0     4:29   0:00   1:31 
Mikkel Boedker           0  1  1   1  0   3  3  0  0  1  0/2    21:37   3:27   0:00 
Patric Hornqvist         2  0  2   1  2   3  2  3  1  0  1/2    21:39   3:27   0:00 
Paul Stastny             1  0  1   2  0   3  1  0  0  0  9/12   15:19   2:14   0:00 

3 Stars

1 - Dmitry Kulikov (Col)
2 - Patric Hornqvist (Col)
3 - Darren Reid (Col)

Power Play

Panthers - 1 on 4 Attempt(s) - 25.00%
Avalanche - 1 on 3 Attempt(s) - 33.33%

Penalty Kill

Panthers - 2 on 3 Attempt(s) - 66.67% - Score 0 goal in Penalty Kill
Avalanche - 3 on 4 Attempt(s) - 75.00% - Score 1 goal in Penalty Kill

Team Stat

Panthers - Hits : 26 - Faceoff Wins : 32 - Blocked Shots : 13 - Penalty Minutes : 6
Avalanche - Hits : 32 - Faceoff Wins : 32 - Blocked Shots : 10 - Penalty Minutes : 8

Official

Referees : Unknown
Linesman : Unknown

Game Notes

Braden Holtby enters game at 8:57 of 2nd period

Finance

Level 1 -- Attendance: 5704 (95.07%) -- Ticket Income $507,656
Level 2 -- Attendance: 4604 (92.08%) -- Ticket Income $253,220
Level 3 -- Attendance: 1828 (91.40%) -- Ticket Income $60,324
Level 4 -- Attendance: 3693 (92.33%) -- Ticket Income $84,939
Luxury Box -- Attendance: 756 (75.60%) -- Ticket Income $130,032
Game was played at the Pepsi Center.
Total Attendance: 16585 (92.14%)
Total Ticket Income: $1,036,171
Other Income: $155,426
Total Income: $1,191,597

Panthers

5 vs 5 Forward 
   Center                   Left Wing                Right Wing               Time % Phy DF OF 
 1 Matt Duchene             Alex Galchenyuk          Drew Stafford            40     1   2  2  
 2 Jean-Gabriel Pageau      Kyle Clifford            Ryan Strome              30     1   2  2  
 3 Max Reinhart             Dany Heatley             Steve Quailer            20     1   2  2  
 4 Jonathan Matsumoto       Daniel Paille            Patrick Eaves            10     1   2  2  

5 vs 5 Defense 
   Defense                  Defense                                           Time % Phy DF OF 
 1 Erik Gudbranson          Jonathan Sigalet                                  40     1   2  2  
 2 Steve Montador           Brandon Gormley                                   30     1   2  2  
 3 Matt Irwin               Mark Pysyk                                        20     1   2  2  
 4 Erik Gudbranson          Jonathan Sigalet                                  10     1   2  2  

PowerPlay Forward 
   Center                   Left Wing                Right Wing               Time % Phy DF OF 
 1 Matt Duchene             Alex Galchenyuk          Drew Stafford            60     1   2  2  
 2 Jean-Gabriel Pageau      Kyle Clifford            Ryan Strome              40     1   2  2  

PowerPlay Defense
   Defense                  Defense                                           Time % Phy DF OF 
 1 Erik Gudbranson          Jonathan Sigalet                                  60     1   2  2  
 2 Brandon Gormley          Matt Irwin                                        40     1   2  2  

Penalty Kill 4 Players Forward 
   Center                   Wing                     Time % Phy DF OF 
 1 Max Reinhart             Drew Stafford            60     1   2  2  
 2 Jean-Gabriel Pageau      Kyle Clifford            40     1   2  2  

Penalty Kill 4 Players Defense
   Defense                  Defense                  Time % Phy DF OF 
 1 Erik Gudbranson          Jonathan Sigalet         60     1   2  2  
 2 Mark Pysyk               Brandon Gormley          40     1   2  2  

Penalty Kill - 3 Players Forward 
   Forward                                           Time % Phy DF OF 
 1 Drew Stafford                                     60     1   2  2  
 2 Max Reinhart                                      40     1   2  2  

Penalty Kill - 3 Players Defense
   Defense                  Defense                  Time % Phy DF OF 
 1 Erik Gudbranson          Jonathan Sigalet         60     1   2  2  
 2 Mark Pysyk               Brandon Gormley          40     1   2  2  

4 vs 4 Forward 
   Center                   Wing                     Time % Phy DF OF 
 1 Matt Duchene             Alex Galchenyuk          60     1   2  2  
 2 Jean-Gabriel Pageau      Kyle Clifford            40     1   2  2  

4 vs 4 Defense
   Defense                  Defense                  Time % Phy DF OF 
 1 Erik Gudbranson          Jonathan Sigalet         60     1   2  2  
 2 Steve Montador           Brandon Gormley          40     1   2  2  

Last Minutes Offensive
   Center                   Left Wing                Right Wing               Defense                  Defense                  
   Matt Duchene             Alex Galchenyuk          Drew Stafford            Erik Gudbranson          Jonathan Sigalet         

Last Minutes Defensive
   Center                   Left Wing                Right Wing               Defense                  Defense                  
   Max Reinhart             Kyle Clifford            Drew Stafford            Erik Gudbranson          Jonathan Sigalet         

Goaltenders
Starting : Petr Mrazek              
Backup : Braden Holtby            

Extra Forwards
Normal : Kyle Clifford, Alex Galchenyuk, Matt Duchene - PP : Kyle Clifford, Alex Galchenyuk - PK : Dany Heatley
Extra Defensemen
Normal : Brandon Gormley, Mark Pysyk, Erik Gudbranson - PP : Mark Pysyk - PK : Brandon Gormley, Erik Gudbranson
Penalty Shots
Alex Galchenyuk, Jonathan Matsumoto, Drew Stafford, Dany Heatley, Matt Duchene

Scratches
Mike Weber (Healthy)

Avalanche

5 vs 5 Forward 
   Center                   Left Wing                Right Wing               Time % Phy DF OF 
 1 Bryan Little             Mikkel Boedker           Patric Hornqvist         40     1   2  2  
 2 Paul Stastny             Andrei Kostitsyn         Alexander Radulov        30     1   2  2  
 3 Charlie Coyle            Andrew Ladd              Damien Brunner           20     1   2  2  
 4 Kyle Turris              Matt Moulson             Darren Reid              10     1   2  2  

5 vs 5 Defense 
   Defense                  Defense                                           Time % Phy DF OF 
 1 Jack Johnson             Erik Karlsson                                     40     1   2  2  
 2 Marc Staal               Dmitry Kulikov                                    30     1   2  2  
 3 Dmitry Kulikov           Danny Richmond                                    30     1   2  2  
 4 Jack Johnson             Marc Staal                                        0      1   2  2  

PowerPlay Forward 
   Center                   Left Wing                Right Wing               Time % Phy DF OF 
 1 Bryan Little             Mikkel Boedker           Patric Hornqvist         60     1   2  2  
 2 Paul Stastny             Andrei Kostitsyn         Alexander Radulov        40     1   2  2  

PowerPlay Defense
   Defense                  Defense                                           Time % Phy DF OF 
 1 Jack Johnson             Erik Karlsson                                     60     1   2  2  
 2 Marc Staal               Danny Richmond                                    40     1   2  2  

Penalty Kill 4 Players Forward 
   Center                   Wing                     Time % Phy DF OF 
 1 Charlie Coyle            Andrew Ladd              60     1   2  2  
 2 Darren Reid              Kyle Turris              40     1   2  2  

Penalty Kill 4 Players Defense
   Defense                  Defense                  Time % Phy DF OF 
 1 Dmitry Kulikov           Marc Staal               60     1   2  2  
 2 Jack Johnson             Danny Richmond           40     1   2  2  

Penalty Kill - 3 Players Forward 
   Forward                                           Time % Phy DF OF 
 1 Mikkel Boedker                                    60     1   2  2  
 2 Patric Hornqvist                                  40     1   2  2  

Penalty Kill - 3 Players Defense
   Defense                  Defense                  Time % Phy DF OF 
 1 Jack Johnson             Marc Staal               60     1   2  2  
 2 Dmitry Kulikov           Danny Richmond           40     1   2  2  

4 vs 4 Forward 
   Center                   Wing                     Time % Phy DF OF 
 1 Mikkel Boedker           Patric Hornqvist         60     1   2  2  
 2 Bryan Little             Paul Stastny             40     1   2  2  

4 vs 4 Defense
   Defense                  Defense                  Time % Phy DF OF 
 1 Jack Johnson             Marc Staal               60     1   2  2  
 2 Erik Karlsson            Danny Richmond           40     1   2  2  

Last Minutes Offensive
   Center                   Left Wing                Right Wing               Defense                  Defense                  
   Bryan Little             Mikkel Boedker           Patric Hornqvist         Jack Johnson             Erik Karlsson            

Last Minutes Defensive
   Center                   Left Wing                Right Wing               Defense                  Defense                  
   Paul Stastny             Andrew Ladd              Patric Hornqvist         Jack Johnson             Marc Staal               

Goaltenders
Starting : Semyon Varlamov          
Backup : Mike Brodeur             

Extra Forwards
Normal : Andrew Ladd, Matt Moulson, Damien Brunner - PP : Andrew Ladd, Matt Moulson - PK : Damien Brunner
Extra Defensemen
Normal : Dmitry Kulikov, Mattias Ekholm, Erik Karlsson - PP : Dmitry Kulikov - PK : Mattias Ekholm, Erik Karlsson
Penalty Shots
Mikkel Boedker, Patric Hornqvist, Bryan Little, Paul Stastny, Andrei Kostitsyn

Scratches
None


% Time on Ice - Panthers

Lines # - Real PCT - Wanted PCT - Time Play
Normal Forward
1 - 34% - 40% - 16:32
2 - 27% - 30% - 13:15
3 - 21% - 20% - 10:17
4 - 17% - 10% - 8:14
Normal Defense
1 - 40% - 40% - 19:06
2 - 32% - 30% - 15:40
3 - 24% - 20% - 11:44
4 - 4% - 10% - 1:48
PP Forward
1 - 59% - 60% - 3:33
2 - 41% - 40% - 2:28
PP Defense
1 - 50% - 60% - 3:02
2 - 50% - 40% - 2:59
PK Forward
1 - 75% - 60% - 4:15
2 - 25% - 40% - 1:26
PK Defense
1 - 89% - 60% - 5:04
2 - 11% - 40% - 0:37
PK3 Forward
1 - 0% - 60%
2 - 0% - 40%
PK3 Defense
1 - 0% - 60%
2 - 0% - 40%
44 Forward
1 - 0% - 60%
2 - 0% - 40%
44 Defense
1 - 0% - 60%
2 - 0% - 40%
Last Minute Offensive  - 0:00
Last Minute Defensive  - 0:00
Total
Forward - 60:00
Defense - 60:00

% Time on Ice - Avalanche

Lines # - Real PCT - Wanted PCT - Time Play
Normal Forward
1 - 38% - 40% - 18:33
2 - 27% - 30% - 13:05
3 - 20% - 20% - 9:42
4 - 14% - 10% - 6:58
Normal Defense
1 - 41% - 40% - 19:49
2 - 27% - 30% - 13:00
3 - 28% - 30% - 13:17
4 - 5% - 0% - 2:12
PP Forward
1 - 61% - 60% - 3:27
2 - 39% - 40% - 2:14
PP Defense
1 - 60% - 60% - 3:25
2 - 40% - 40% - 2:16
PK Forward
1 - 77% - 60% - 4:37
2 - 23% - 40% - 1:24
PK Defense
1 - 56% - 60% - 3:23
2 - 44% - 40% - 2:38
PK3 Forward
1 - 0% - 60%
2 - 0% - 40%
PK3 Defense
1 - 0% - 60%
2 - 0% - 40%
44 Forward
1 - 0% - 60%
2 - 0% - 40%
44 Defense
1 - 0% - 60%
2 - 0% - 40%
Last Minute Offensive  - 0:00
Last Minute Defensive  - 0:00
Total
Forward - 60:00
Defense - 60:00

Play-by-Play

1st period


0:01 of 1st period - Alex Galchenyuk wins face-off versus Bryan Little in neutral zone.
0:33 of 1st period - Off-side.
0:34 of 1st period - Charlie Coyle wins face-off versus Jean-Gabriel Pageau in neutral zone.
1:14 of 1st period - Snap shot by Paul Stastny.
1:14 of 1st period - Stopped by Petr Mrazek with a rebound.
1:28 of 1st period - Snap shot by Andrei Kostitsyn.
1:28 of 1st period - Stopped by Petr Mrazek without a rebound.
1:29 of 1st period - Bryan Little wins face-off versus Jonathan Matsumoto in Panthers zone.
1:32 of 1st period - Snap shot by Patric Hornqvist.
1:32 of 1st period - Shot Misses the Net.
1:54 of 1st period - Erik Karlsson is hit by Daniel Paille.
1:58 of 1st period - Wrist shot by Patric Hornqvist.
1:58 of 1st period - Goal by Patric Hornqvist - Panthers : 0 - Avalanche : 1.
1:59 of 1st period - Matt Duchene wins face-off versus Kyle Turris in neutral zone.
2:06 of 1st period - Snap shot by Matt Duchene.
2:06 of 1st period - Shot Misses the Net.
2:29 of 1st period - Off-side.
2:30 of 1st period - Jean-Gabriel Pageau wins face-off versus Paul Stastny in neutral zone.
2:43 of 1st period - Slapshot by Andrei Kostitsyn.
2:43 of 1st period - Stopped by Petr Mrazek without a rebound.
2:44 of 1st period - Bryan Little wins face-off versus Max Reinhart in Panthers zone.
2:51 of 1st period - Backhand shot by Patric Hornqvist.
2:51 of 1st period - Stopped by Petr Mrazek without a rebound.
2:52 of 1st period - Max Reinhart wins face-off versus Patric Hornqvist in Panthers zone.
3:19 of 1st period - Wrist shot by Patric Hornqvist.
3:19 of 1st period - Shot Hit the Post.
4:38 of 1st period - Erik Gudbranson is hit by Patric Hornqvist and loses puck.
4:43 of 1st period - Wrist shot by Bryan Little.
4:43 of 1st period - Shot Misses the Net.
4:45 of 1st period - Slapshot by Dmitry Kulikov.
4:45 of 1st period - Shot Blocked by Dany Heatley.
4:47 of 1st period - Wrist shot by Bryan Little.
4:47 of 1st period - Stopped by Petr Mrazek without a rebound.
4:48 of 1st period - Matt Duchene wins face-off versus Andrei Kostitsyn in Panthers zone.
5:28 of 1st period - Snap shot by Alex Galchenyuk.
5:28 of 1st period - Stopped by Semyon Varlamov without a rebound.
5:29 of 1st period - Paul Stastny wins face-off versus Jean-Gabriel Pageau in Avalanche zone.
5:54 of 1st period - Patrick Eaves is hit by Jack Johnson and loses puck.
6:01 of 1st period - Marc Staal is hit by Jonathan Matsumoto and loses puck.
6:13 of 1st period - Off-side.
6:14 of 1st period - Jean-Gabriel Pageau wins face-off versus Kyle Turris in neutral zone.
6:26 of 1st period - Mark Pysyk is hit by Darren Reid and loses puck.
6:31 of 1st period - Slapshot by Erik Karlsson.
6:31 of 1st period - Stopped by Petr Mrazek with a rebound.
6:47 of 1st period - Paul Stastny is hit by Drew Stafford and loses puck.
7:22 of 1st period - Snap shot by Kyle Turris.
7:22 of 1st period - Deflect By Matt Moulson.
7:22 of 1st period - Shot Blocked by Jonathan Sigalet.
7:22 of 1st period - Puck is out of play.
7:23 of 1st period - Kyle Turris wins face-off versus Ryan Strome in Panthers zone.
8:18 of 1st period - Drew Stafford is hit by Dmitry Kulikov and loses puck.
8:29 of 1st period - Dmitry Kulikov is hit by Jonathan Matsumoto and loses puck.
8:36 of 1st period - Snap shot by Daniel Paille.
8:36 of 1st period - Stopped by Semyon Varlamov with a rebound.
8:56 of 1st period - Wrist shot by Steve Quailer.
8:56 of 1st period - Shot Blocked by Marc Staal.
9:12 of 1st period - Kyle Turris is hit by Drew Stafford and loses puck.
9:25 of 1st period - Slapshot by Brandon Gormley.
9:25 of 1st period - Shot Misses the Net.
9:27 of 1st period - Slapshot by Steve Montador.
9:27 of 1st period - Stopped by Semyon Varlamov with a rebound.
9:52 of 1st period - Dmitry Kulikov is hit by Brandon Gormley and loses puck.
10:26 of 1st period - Paul Stastny is hit by Mark Pysyk and loses puck.
11:07 of 1st period - Wrist shot by Steve Quailer.
11:07 of 1st period - Shot Misses the Net.
11:11 of 1st period - Wrist shot by Dany Heatley.
11:11 of 1st period - Shot Misses the Net.
11:35 of 1st period - Drew Stafford is hit by Jack Johnson and loses puck.
12:06 of 1st period - Kyle Clifford is hit by Mattias Ekholm and loses puck.
12:28 of 1st period - Mark Pysyk is hit by Alexander Radulov and loses puck.
13:05 of 1st period - Wrist shot by Steve Quailer.
13:05 of 1st period - Stopped by Semyon Varlamov without a rebound.
13:06 of 1st period - Paul Stastny wins face-off versus Matt Duchene in Avalanche zone.
13:15 of 1st period - Paul Stastny is hit by Mark Pysyk and loses puck.
13:20 of 1st period - Snap shot by Matt Duchene.
13:20 of 1st period - Shot Misses the Net.
13:22 of 1st period - Wrist shot by Alex Galchenyuk.
13:22 of 1st period - Shot Misses the Net.
13:37 of 1st period - Patrick Eaves is hit by Alexander Radulov and loses puck.
13:44 of 1st period - Snap shot by Andrei Kostitsyn.
13:44 of 1st period - Shot Blocked by Matt Irwin.
13:58 of 1st period - Erik Gudbranson is hit by Mattias Ekholm and loses puck.
14:39 of 1st period - Slapshot by Steve Montador.
14:39 of 1st period - Deflect By Steve Quailer.
14:39 of 1st period - Stopped by Semyon Varlamov without a rebound.
14:40 of 1st period - Max Reinhart wins face-off versus Kyle Turris in Avalanche zone.
14:43 of 1st period - Wrist shot by Steve Quailer.
14:43 of 1st period - Shot Misses the Net.
15:07 of 1st period - Drew Stafford is hit by Dmitry Kulikov and loses puck.
15:27 of 1st period - Snap shot by Jean-Gabriel Pageau.
15:27 of 1st period - Stopped by Semyon Varlamov with a rebound.
15:29 of 1st period - Snap shot by Kyle Clifford.
15:29 of 1st period - Shot Blocked by Charlie Coyle.
15:31 of 1st period - Slapshot by Jonathan Sigalet.
15:31 of 1st period - Shot Misses the Net.
15:33 of 1st period - Slapshot by Jonathan Sigalet.
15:33 of 1st period - Shot Blocked by Andrew Ladd.
15:35 of 1st period - Slapshot by Ryan Strome.
15:35 of 1st period - Stopped by Semyon Varlamov without a rebound.
15:36 of 1st period - Bryan Little wins face-off versus Matt Duchene in Avalanche zone.
16:21 of 1st period - Off-side.
16:22 of 1st period - Jean-Gabriel Pageau wins face-off versus Paul Stastny in neutral zone.
16:25 of 1st period - Paul Stastny is hit by Ryan Strome and loses puck.
16:53 of 1st period - Danny Richmond is hit by Alex Galchenyuk and loses puck.
17:12 of 1st period - Slapshot by Patrick Eaves.
17:12 of 1st period - Stopped by Semyon Varlamov with a rebound.
17:14 of 1st period - Snap shot by Patrick Eaves.
17:14 of 1st period - Shot Misses the Net.
17:16 of 1st period - Snap shot by Jonathan Matsumoto.
17:16 of 1st period - Stopped by Semyon Varlamov without a rebound.
17:17 of 1st period - Jonathan Matsumoto wins face-off versus Bryan Little in Avalanche zone.
17:20 of 1st period - Snap shot by Patrick Eaves.
17:20 of 1st period - Stopped by Semyon Varlamov without a rebound.
17:21 of 1st period - Bryan Little wins face-off versus Matt Duchene in Avalanche zone.
17:58 of 1st period - Slapshot by Dany Heatley.
17:58 of 1st period - Shot Misses the Net.
18:00 of 1st period - Slapshot by Steve Montador.
18:00 of 1st period - Deflect By Bryan Little.
18:00 of 1st period - Stopped by Semyon Varlamov with a rebound.
19:26 of 1st period - Wrist shot by Matt Moulson.
19:26 of 1st period - Shot Misses the Net.
19:28 of 1st period - Slapshot by Dmitry Kulikov.
19:28 of 1st period - Stopped by Petr Mrazek with a rebound.
19:30 of 1st period - Snap shot by Darren Reid.
19:30 of 1st period - Deflect By Matt Moulson.
19:30 of 1st period - Goal by Matt Moulson - Panthers : 0 - Avalanche : 2.
19:31 of 1st period - Matt Duchene wins face-off versus Alexander Radulov in neutral zone.
19:36 of 1st period - Jack Johnson is hit by Jonathan Sigalet and loses puck.
19:59 of 1st period - Slapshot by Erik Karlsson.
19:59 of 1st period - Stopped by Petr Mrazek with a rebound.
Goals for this period are 0 for Panthers vs 2 for Avalanche.
Shots for this period are 11 for Panthers vs 10 for Avalanche.

2nd period


0:01 of 2nd period - Matt Duchene wins face-off versus Mikkel Boedker in neutral zone.
0:03 of 2nd period - Minor Penalty to Jonathan Sigalet for Holding.
0:04 of 2nd period - Bryan Little wins face-off versus Max Reinhart in Panthers zone.
0:06 of 2nd period - Wrist shot by Bryan Little.
0:06 of 2nd period - Shot Misses the Net.
0:08 of 2nd period - Snap shot by Erik Karlsson.
0:08 of 2nd period - Stopped by Petr Mrazek without a rebound.
0:09 of 2nd period - Bryan Little wins face-off versus Max Reinhart in Panthers zone.
0:10 of 2nd period - Wrist shot by Mikkel Boedker.
0:10 of 2nd period - Stopped by Petr Mrazek with a rebound.
0:55 of 2nd period - Icing by Danny Richmond.
0:56 of 2nd period - Paul Stastny wins face-off versus Max Reinhart in Avalanche zone.
2:03 of 2nd period - Penalty to Jonathan Sigalet is over, Jonathan Sigalet is back on ice.
2:16 of 2nd period - Steve Montador is hit by Charlie Coyle and loses puck.
2:29 of 2nd period - Ryan Strome is hit by Matt Moulson and loses puck.
3:07 of 2nd period - Jonathan Sigalet is hit by Jack Johnson and loses puck.
3:14 of 2nd period - Andrew Ladd is hit by Patrick Eaves and loses puck.
3:29 of 2nd period - Slapshot by Erik Karlsson.
3:29 of 2nd period - Shot Misses the Net.
3:31 of 2nd period - Slapshot by Jack Johnson.
3:31 of 2nd period - Shot Misses the Net.
3:39 of 2nd period - Slapshot by Andrew Ladd.
3:39 of 2nd period - Stopped by Petr Mrazek without a rebound.
3:40 of 2nd period - Bryan Little wins face-off versus Matt Duchene in Panthers zone.
3:47 of 2nd period - Bryan Little is hit by Jonathan Sigalet and loses puck.
4:18 of 2nd period - Minor Penalty to Danny Richmond for Holding Stick.
4:19 of 2nd period - Charlie Coyle wins face-off versus Matt Duchene in Avalanche zone.
6:18 of 2nd period - Penalty to Danny Richmond is over, Danny Richmond is back on ice.
6:18 of 2nd period - Jean-Gabriel Pageau is hit by Kyle Turris and loses puck.
6:35 of 2nd period - Danny Richmond is hit by Jonathan Sigalet and loses puck.
6:46 of 2nd period - Jonathan Sigalet is hit by Mikkel Boedker and loses puck.
7:05 of 2nd period - Wrist shot by Jonathan Matsumoto.
7:05 of 2nd period - Shot Misses the Net.
7:07 of 2nd period - Snap shot by Jonathan Matsumoto.
7:07 of 2nd period - Deflect By Patrick Eaves.
7:07 of 2nd period - Stopped by Semyon Varlamov without a rebound.
7:08 of 2nd period - Jonathan Matsumoto wins face-off versus Bryan Little in Avalanche zone.
7:09 of 2nd period - Backhand shot by Patrick Eaves.
7:09 of 2nd period - Shot Misses the Net.
7:46 of 2nd period - Wrist shot by Paul Stastny.
7:46 of 2nd period - Goal by Paul Stastny - Panthers : 0 - Avalanche : 3.
7:47 of 2nd period - Matt Duchene wins face-off versus Bryan Little in neutral zone.
8:19 of 2nd period - Snap shot by Ryan Strome.
8:19 of 2nd period - Shot Blocked by Jack Johnson.
8:21 of 2nd period - Slapshot by Erik Gudbranson.
8:21 of 2nd period - Stopped by Semyon Varlamov without a rebound.
8:22 of 2nd period - Matt Duchene wins face-off versus Andrei Kostitsyn in Avalanche zone.
8:57 of 2nd period - Wrist shot by Damien Brunner.
8:57 of 2nd period - Goal by Damien Brunner - Panthers : 0 - Avalanche : 4.
8:57 of 2nd period - Braden Holtby enters game.
8:58 of 2nd period - Matt Duchene wins face-off versus Bryan Little in neutral zone.
9:05 of 2nd period - Wrist shot by Alex Galchenyuk.
9:05 of 2nd period - Shot Misses the Net.
9:07 of 2nd period - Wrist shot by Alex Galchenyuk.
9:07 of 2nd period - Stopped by Semyon Varlamov without a rebound.
9:08 of 2nd period - Alex Galchenyuk wins face-off versus Bryan Little in Avalanche zone.
9:11 of 2nd period - Wrist shot by Alex Galchenyuk.
9:11 of 2nd period - Shot Blocked by Patric Hornqvist.
9:17 of 2nd period - Snap shot by Alex Galchenyuk.
9:17 of 2nd period - Shot Blocked by Marc Staal.
9:23 of 2nd period - Alex Galchenyuk is hit by Bryan Little and loses puck.
9:44 of 2nd period - Snap shot by Matt Duchene.
9:44 of 2nd period - Stopped by Semyon Varlamov without a rebound.
9:45 of 2nd period - Paul Stastny wins face-off versus Jean-Gabriel Pageau in Avalanche zone.
10:59 of 2nd period - Daniel Paille is hit by Patric Hornqvist and loses puck.
11:06 of 2nd period - Snap shot by Bryan Little.
11:06 of 2nd period - Shot Misses the Net.
11:08 of 2nd period - Slapshot by Marc Staal.
11:08 of 2nd period - Shot Misses the Net.
11:46 of 2nd period - Slapshot by Andrew Ladd.
11:46 of 2nd period - Shot Blocked by Erik Gudbranson.
12:05 of 2nd period - Jonathan Sigalet is hit by Darren Reid and loses puck.
12:21 of 2nd period - Danny Richmond is hit by Matt Irwin and loses puck.
13:06 of 2nd period - Jack Johnson is hit by Alex Galchenyuk and loses puck.
13:15 of 2nd period - Snap shot by Matt Duchene.
13:15 of 2nd period - Shot Misses the Net.
14:02 of 2nd period - Slapshot by Bryan Little.
14:02 of 2nd period - Shot Misses the Net.
14:36 of 2nd period - Drew Stafford is hit by Dmitry Kulikov and loses puck.
14:43 of 2nd period - Wrist shot by Damien Brunner.
14:43 of 2nd period - Stopped by Braden Holtby without a rebound.
14:44 of 2nd period - Matt Duchene wins face-off versus Bryan Little in Panthers zone.
14:49 of 2nd period - Erik Karlsson is hit by Alex Galchenyuk and loses puck.
15:12 of 2nd period - Mark Pysyk is hit by Andrei Kostitsyn and loses puck.
15:19 of 2nd period - Alexander Radulov is hit by Mark Pysyk and loses puck.
15:40 of 2nd period - Slapshot by Erik Karlsson.
15:40 of 2nd period - Stopped by Braden Holtby with a rebound.
16:11 of 2nd period - Snap shot by Andrew Ladd.
16:11 of 2nd period - Deflect By Charlie Coyle.
16:11 of 2nd period - Shot Misses the Net.
16:11 of 2nd period - Puck is out of play.
16:12 of 2nd period - Matt Duchene wins face-off versus Bryan Little in Panthers zone.
16:12 of 2nd period - Matt Duchene is hit by Mikkel Boedker.
16:20 of 2nd period - Slapshot by Mikkel Boedker.
16:20 of 2nd period - Stopped by Braden Holtby with a rebound.
16:51 of 2nd period - Kyle Clifford is hit by Marc Staal.
17:06 of 2nd period - Snap shot by Jonathan Matsumoto.
17:06 of 2nd period - Shot Blocked by Dmitry Kulikov.
17:08 of 2nd period - Slapshot by Daniel Paille.
17:08 of 2nd period - Stopped by Semyon Varlamov with a rebound.
17:14 of 2nd period - Backhand shot by Patrick Eaves.
17:14 of 2nd period - Stopped by Semyon Varlamov without a rebound.
17:15 of 2nd period - Bryan Little wins face-off versus Matt Duchene in Avalanche zone.
17:26 of 2nd period - Wrist shot by Matt Duchene.
17:26 of 2nd period - Shot Blocked by Patric Hornqvist.
18:11 of 2nd period - Backhand shot by Jack Johnson.
18:11 of 2nd period - Stopped by Braden Holtby without a rebound.
18:12 of 2nd period - Matt Duchene wins face-off versus Bryan Little in Panthers zone.
18:40 of 2nd period - Minor Penalty to Jonathan Sigalet for Hooking.
18:41 of 2nd period - Drew Stafford wins face-off versus Bryan Little in Panthers zone.
19:09 of 2nd period - Slapshot by Alexander Radulov.
19:09 of 2nd period - Shot Blocked by Drew Stafford.
19:50 of 2nd period - Jean-Gabriel Pageau is hit by Erik Karlsson and loses puck.
Goals for this period are 0 for Panthers vs 2 for Avalanche.
Shots for this period are 6 for Panthers vs 9 for Avalanche.

3rd period


0:01 of 3rd period - Max Reinhart wins face-off versus Bryan Little in neutral zone.
0:07 of 3rd period - Off-side.
0:08 of 3rd period - Bryan Little wins face-off versus Max Reinhart in neutral zone.
0:23 of 3rd period - Snap shot by Patric Hornqvist.
0:23 of 3rd period - Goal by Patric Hornqvist - Panthers : 0 - Avalanche : 5.
0:24 of 3rd period - Matt Duchene wins face-off versus Bryan Little in neutral zone.
0:47 of 3rd period - Minor Penalty to Patric Hornqvist for Cross-checking.
0:48 of 3rd period - Matt Duchene wins face-off versus Charlie Coyle in Avalanche zone.
0:51 of 3rd period - Slapshot by Matt Duchene.
0:51 of 3rd period - Shot Misses the Net.
1:35 of 3rd period - Snap shot by Marc Staal.
1:35 of 3rd period - Shot Misses the Net.
1:47 of 3rd period - Slapshot by Dmitry Kulikov.
1:47 of 3rd period - Shot Misses the Net.
2:47 of 3rd period - Penalty to Patric Hornqvist is over, Patric Hornqvist is back on ice.
2:55 of 3rd period - Danny Richmond is hit by Steve Quailer and loses puck.
3:02 of 3rd period - Backhand shot by Steve Quailer.
3:02 of 3rd period - Shot Misses the Net.
3:04 of 3rd period - Slapshot by Matt Irwin.
3:04 of 3rd period - Deflect By Steve Quailer.
3:04 of 3rd period - Shot Misses the Net.
3:04 of 3rd period - Puck is out of play.
3:05 of 3rd period - Paul Stastny wins face-off versus Jonathan Matsumoto in Avalanche zone.
3:14 of 3rd period - Icing by Brandon Gormley.
3:15 of 3rd period - Paul Stastny wins face-off versus Daniel Paille in Panthers zone.
3:18 of 3rd period - Wrist shot by Andrei Kostitsyn.
3:18 of 3rd period - Stopped by Braden Holtby without a rebound.
3:19 of 3rd period - Matt Duchene wins face-off versus Bryan Little in Panthers zone.
3:24 of 3rd period - Mikkel Boedker is hit by Alex Galchenyuk.
3:46 of 3rd period - Jean-Gabriel Pageau is hit by Marc Staal and loses puck.
4:18 of 3rd period - Snap shot by Jonathan Matsumoto.
4:18 of 3rd period - Stopped by Semyon Varlamov with a rebound.
4:38 of 3rd period - Steve Quailer is hit by Marc Staal and loses puck.
4:49 of 3rd period - Snap shot by Mikkel Boedker.
4:49 of 3rd period - Shot Misses the Net.
4:59 of 3rd period - Matt Duchene is hit by Damien Brunner.
5:17 of 3rd period - Minor Penalty to Andrew Ladd for Roughing.
5:18 of 3rd period - Matt Duchene wins face-off versus Charlie Coyle in Avalanche zone.
5:19 of 3rd period - Wrist shot by Drew Stafford.
5:19 of 3rd period - Stopped by Semyon Varlamov with a rebound.
5:21 of 3rd period - Wrist shot by Matt Duchene.
5:21 of 3rd period - Goal by Matt Duchene - Panthers : 1 - Avalanche : 5.
5:22 of 3rd period - Matt Duchene wins face-off versus Mikkel Boedker in neutral zone.
6:01 of 3rd period - Slapshot by Jack Johnson.
6:01 of 3rd period - Shot Misses the Net.
6:03 of 3rd period - Wrist shot by Mikkel Boedker.
6:03 of 3rd period - Shot Blocked by Dany Heatley.
6:05 of 3rd period - Snap shot by Mikkel Boedker.
6:05 of 3rd period - Shot Misses the Net.
6:07 of 3rd period - Wrist shot by Patric Hornqvist.
6:07 of 3rd period - Shot Hit the Post.
6:09 of 3rd period - Slapshot by Bryan Little.
6:09 of 3rd period - Stopped by Braden Holtby with a rebound.
6:11 of 3rd period - Slapshot by Jack Johnson.
6:11 of 3rd period - Shot Blocked by Max Reinhart.
6:13 of 3rd period - Snap shot by Bryan Little.
6:13 of 3rd period - Deflect By Mikkel Boedker.
6:13 of 3rd period - Shot Misses the Net.
6:13 of 3rd period - Puck is out of play.
6:14 of 3rd period - Paul Stastny wins face-off versus Matt Duchene in Panthers zone.
6:27 of 3rd period - Steve Montador is hit by Paul Stastny and loses puck.
7:10 of 3rd period - Slapshot by Jack Johnson.
7:10 of 3rd period - Stopped by Braden Holtby without a rebound.
7:11 of 3rd period - Bryan Little wins face-off versus Drew Stafford in Panthers zone.
8:02 of 3rd period - Dmitry Kulikov is hit by Brandon Gormley and loses puck.
8:05 of 3rd period - Slapshot by Damien Brunner.
8:05 of 3rd period - Shot Blocked by Steve Montador.
8:07 of 3rd period - Wrist shot by Damien Brunner.
8:07 of 3rd period - Shot Blocked by Steve Quailer.
8:19 of 3rd period - Max Reinhart is hit by Mikkel Boedker and loses puck.
8:44 of 3rd period - Drew Stafford is hit by Dmitry Kulikov and loses puck.
9:05 of 3rd period - Snap shot by Kyle Clifford.
9:05 of 3rd period - Stopped by Semyon Varlamov without a rebound.
9:06 of 3rd period - Jean-Gabriel Pageau wins face-off versus Bryan Little in Avalanche zone.
9:11 of 3rd period - Slapshot by Kyle Clifford.
9:11 of 3rd period - Shot Hit the Post.
9:15 of 3rd period - Wrist shot by Kyle Clifford.
9:15 of 3rd period - Shot Misses the Net.
9:27 of 3rd period - Minor Penalty to Danny Richmond for Boarding.
9:28 of 3rd period - Andrew Ladd wins face-off versus Alex Galchenyuk in Avalanche zone.
9:54 of 3rd period - Charlie Coyle is hit by Jonathan Sigalet and loses puck.
10:19 of 3rd period - Snap shot by Kyle Turris.
10:19 of 3rd period - Deflect By Darren Reid.
10:19 of 3rd period - Stopped by Braden Holtby with a rebound.
10:21 of 3rd period - Slapshot by Darren Reid.
10:21 of 3rd period - Deflect By Kyle Turris.
10:21 of 3rd period - Shot Blocked by Brandon Gormley.
10:21 of 3rd period - Puck is out of play.
10:22 of 3rd period - Jean-Gabriel Pageau wins face-off versus Charlie Coyle in Panthers zone.
11:09 of 3rd period - Icing by Matt Irwin.
11:10 of 3rd period - Darren Reid wins face-off versus Matt Duchene in Panthers zone.
11:15 of 3rd period - Slapshot by Darren Reid.
11:15 of 3rd period - Goal by Darren Reid - Panthers : 1 - Avalanche : 6.
11:16 of 3rd period - Charlie Coyle wins face-off versus Matt Duchene in neutral zone.
11:21 of 3rd period - Alex Galchenyuk is hit by Charlie Coyle and loses puck.
11:27 of 3rd period - Penalty to Danny Richmond is over, Danny Richmond is back on ice.
11:42 of 3rd period - Bryan Little is hit by Erik Gudbranson and loses puck.
11:47 of 3rd period - Slapshot by Kyle Clifford.
11:47 of 3rd period - Stopped by Semyon Varlamov without a rebound.
11:48 of 3rd period - Bryan Little wins face-off versus Jean-Gabriel Pageau in Avalanche zone.
11:48 of 3rd period - Bryan Little is hit by Ryan Strome.
12:01 of 3rd period - Off-side.
12:02 of 3rd period - Bryan Little wins face-off versus Matt Duchene in neutral zone.
12:09 of 3rd period - Snap shot by Mikkel Boedker.
12:09 of 3rd period - Stopped by Braden Holtby with a rebound.
12:11 of 3rd period - Slapshot by Danny Richmond.
12:11 of 3rd period - Stopped by Braden Holtby without a rebound.
12:12 of 3rd period - Matt Duchene wins face-off versus Bryan Little in Panthers zone.
12:59 of 3rd period - Snap shot by Bryan Little.
12:59 of 3rd period - Stopped by Braden Holtby without a rebound.
13:00 of 3rd period - Jean-Gabriel Pageau wins face-off versus Andrei Kostitsyn in Panthers zone.
13:05 of 3rd period - Wrist shot by Alexander Radulov.
13:05 of 3rd period - Stopped by Braden Holtby without a rebound.
13:06 of 3rd period - Paul Stastny wins face-off versus Ryan Strome in Panthers zone.
13:07 of 3rd period - Snap shot by Andrei Kostitsyn.
13:07 of 3rd period - Shot Misses the Net.
13:09 of 3rd period - Slapshot by Jack Johnson.
13:09 of 3rd period - Shot Blocked by Jean-Gabriel Pageau.
13:11 of 3rd period - Wrist shot by Alexander Radulov.
13:11 of 3rd period - Goal by Alexander Radulov - Panthers : 1 - Avalanche : 7.
13:12 of 3rd period - Patric Hornqvist wins face-off versus Matt Duchene in neutral zone.
13:19 of 3rd period - Wrist shot by Alex Galchenyuk.
13:19 of 3rd period - Shot Blocked by Patric Hornqvist.
13:21 of 3rd period - Wrist shot by Matt Duchene.
13:21 of 3rd period - Shot Misses the Net.
13:29 of 3rd period - Snap shot by Matt Duchene.
13:29 of 3rd period - Stopped by Semyon Varlamov with a rebound.
15:05 of 3rd period - Snap shot by Alexander Radulov.
15:05 of 3rd period - Shot Misses the Net.
15:25 of 3rd period - Max Reinhart is hit by Erik Karlsson and loses puck.
15:50 of 3rd period - Wrist shot by Patrick Eaves.
15:50 of 3rd period - Deflect By Daniel Paille.
15:50 of 3rd period - Stopped by Semyon Varlamov with a rebound.
16:22 of 3rd period - Dmitry Kulikov is hit by Jean-Gabriel Pageau and loses puck.
16:30 of 3rd period - Minor Penalty to Ryan Strome for Slashing.
16:31 of 3rd period - Bryan Little wins face-off versus Max Reinhart in Panthers zone.
17:03 of 3rd period - Slapshot by Marc Staal.
17:03 of 3rd period - Deflect By Paul Stastny.
17:03 of 3rd period - Stopped by Braden Holtby without a rebound.
17:04 of 3rd period - Paul Stastny wins face-off versus Max Reinhart in Panthers zone.
17:05 of 3rd period - Snap shot by Andrei Kostitsyn.
17:05 of 3rd period - Shot Blocked by Drew Stafford.
17:07 of 3rd period - Backhand shot by Jack Johnson.
17:07 of 3rd period - Stopped by Braden Holtby with a rebound.
17:09 of 3rd period - Slapshot by Andrei Kostitsyn.
17:09 of 3rd period - Stopped by Braden Holtby without a rebound.
17:10 of 3rd period - Bryan Little wins face-off versus Max Reinhart in Panthers zone.
17:11 of 3rd period - Slapshot by Patric Hornqvist.
17:11 of 3rd period - Shot Misses the Net.
17:13 of 3rd period - Slapshot by Mikkel Boedker.
17:13 of 3rd period - Deflect By Bryan Little.
17:13 of 3rd period - Shot Blocked by Mark Pysyk.
17:13 of 3rd period - Puck is out of play.
17:14 of 3rd period - Bryan Little wins face-off versus Max Reinhart in Panthers zone.
17:53 of 3rd period - Snap shot by Kyle Clifford.
17:53 of 3rd period - Shot Blocked by Danny Richmond.
17:55 of 3rd period - Snap shot by Jean-Gabriel Pageau.
17:55 of 3rd period - Deflect By Kyle Clifford.
17:55 of 3rd period - Stopped by Semyon Varlamov without a rebound.
17:56 of 3rd period - Bryan Little wins face-off versus Max Reinhart in Avalanche zone.
18:22 of 3rd period - Erik Karlsson is hit by Jean-Gabriel Pageau and loses puck.
18:30 of 3rd period - Penalty to Ryan Strome is over, Ryan Strome is back on ice.
18:31 of 3rd period - Jonathan Sigalet is hit by Marc Staal and loses puck.
18:48 of 3rd period - Wrist shot by Damien Brunner.
18:48 of 3rd period - Stopped by Braden Holtby without a rebound.
18:49 of 3rd period - Jean-Gabriel Pageau wins face-off versus Bryan Little in Panthers zone.
19:22 of 3rd period - Wrist shot by Matt Duchene.
19:22 of 3rd period - Stopped by Semyon Varlamov without a rebound.
19:23 of 3rd period - Matt Duchene wins face-off versus Paul Stastny in Avalanche zone.
19:26 of 3rd period - Wrist shot by Alex Galchenyuk.
19:26 of 3rd period - Stopped by Semyon Varlamov with a rebound.
19:52 of 3rd period - Snap shot by Alex Galchenyuk.
19:52 of 3rd period - Deflect By Mikkel Boedker.
19:52 of 3rd period - Stopped by Semyon Varlamov with a rebound.
19:54 of 3rd period - Slapshot by Mark Pysyk.
19:54 of 3rd period - Stopped by Semyon Varlamov with a rebound.
Goals for this period are 1 for Panthers vs 3 for Avalanche.
Shots for this period are 12 for Panthers vs 15 for Avalanche.